 Dungeon Crawl Stone Soup version 0.31.0-9-g3a7656b989 (webtiles) character file.

Game seed: 2063671267054836874

384 Kenran the Ruffian (level 6, -4/44 HPs)
             Began as a Merfolk Shapeshifter on Jan 25, 2024.
             Slain by a kobold
             ... wielding a +0 whip of distortion
              (10 damage)
             ... on level 3 of the Dungeon.
             The game lasted 00:05:42 (2713 turns).

Kenran the Ruffian (Merfolk Shapeshifter)           Turns: 2713, Time: 00:05:43

Health: -4/44      AC:  2    Str: 17    XL:     6   Next: 77%
Magic:  6/6        EV: 13    Int:  9    God:
Gold:   141        SH:  0    Dex: 13    Spells: 5/5 levels left

rFire   . .          .
                       - Unarmed
rCold   . . .        (no shield)
rNeg    . . .        a - +0 animal skin
rPois   .            (helmet currently unavailable)
rElec   .            (cloak currently unavailable)
rCorr   .            (gloves currently unavailable)
SInv    .            (boots currently unavailable)
Will    .....        (no amulet)
Stlth   +            (no ring)
HPRegen 0.27/turn    (no ring)
MPRegen 0.10/turn

%: no passive effects
@: about to teleport, beast-form
A: beast (slay +2), (nimble swimmer 2), mertail
a: Begin Untransformation


You were on level 3 of the Dungeon.
You were a hulking beast.
You visited 1 branch of the dungeon, and saw 3 of its levels.

You collected 141 gold pieces.

Inventory:

Armour
 a - a +0 animal skin (worn)
 g - a +0 pair of gloves
Talismans
 c - a beast talisman (active)
 d - a flux talisman
Wands
 n - a wand of polymorph (8)
Scrolls
 b - a scroll of silence {unknown}
 e - 2 scrolls of teleportation
 f - a scroll of identify {@r1}
 h - a scroll of revelation {unknown}
 i - a scroll of torment {unknown}
 k - a scroll of acquirement {unknown}
 l - 2 scrolls of enchant weapon {unknown}
Potions
 j - a potion of brilliance {unknown}
 m - a potion of mutation {unknown}
 o - a potion of enlightenment
 p - a potion of might {unknown}


   Skills:
 - Level 2.0 Fighting
 - Level 4.0 Dodging
 * Level 7.0 Unarmed Combat
 + Level 4.9 Shapeshifting


You had 5 spell levels left.
You didn't know any spells.
Your spell library contained the following spells:

 Spells                   Type           Power      Damage    Failure   Level
 Magic Dart               Conj           0%         1d3       38%         1
 Blink                    Tloc           0%         N/A       52%         2
 Call Imp                 Summ           0%         N/A       52%         2
 Static Discharge         Conj/Air       0%         3-3/arc   52%         2
 Tukima's Dance           Hex            0%         N/A       77%         3
 Airstrike                Air            0%         2d(0-16)  99%         4
 Dimensional Bullseye     Hex/Tloc       0%         N/A       99%         4
 Iskenderun's Mystic Bla  Conj/Tloc      0%         2d3       99%         4
 Summon Lightning Spire   Summ/Air       0%         N/A       99%         4


Dungeon Overview and Level Annotations

Branches:
Dungeon (3/15)

Altars:
Qazlal
Uskayaw
The Shining One

Annotations:
D:2 sigmund, 1 runed translucent door, Crazy Yiuf
D:3 1 runed translucent door, Tizio's ghost, amateur HuFi


Innate Abilities, Weirdness & Mutations

You are a hulking beast.
Your limbs bulge with bestial killing power. (Slay +2)
((You are very nimble when in or above water. (Stealth+, EV+, Speed+++)))
Your lower body shifts to a powerful aquatic tail in water.


Message History

Natasha closely misses you.
You punch Natasha!
You kill Natasha!
You feel Natasha's spirit has finally been put to rest.
Training target 4.0 for Dodging reached!
Your Dodging skill increases to level 4!
Your Unarmed Combat skill increases to level 7!
No target in view!
n - a wand of polymorph (8)
You feel yourself speed up.
Found a hammer.
Found a runed translucent door.
Crazy Yiuf shouts!
Could not explore, unopened runed door.
Press: ? - help, v - describe, . - travel
Here: Crazy Yiuf, wielding a +2 quarterstaff of chaos and wearing a +0 cloak (fire blocked by a runed translucent door)
The floor.
Unknown command.
You see here 5 stones.
There is a stone staircase leading down here.
You climb downwards.
Level annotation: 1 runed translucent door, Tizio's ghost, amateur HuFi The kobold completely misses you.
The kobold barely misses you.
There is a stone staircase leading up here.
You barely miss the kobold.
The kobold hits you with a +0 whip of distortion.
Space warps horribly around you!!
You are too injured to fight recklessly!
The kobold attacks as it pursues you! The kobold hits you but does no damage.
Space warps horribly around you!
* * * LOW HITPOINT WARNING * * *
The kobold attacks as it pursues you! The kobold misses you.
As you read the scroll of teleportation, it crumbles to dust.
You feel strangely unstable.
The kobold hits you with a +0 whip of distortion.
* * * LOW HITPOINT WARNING * * *
The kobold attacks as it pursues you!
The kobold hits you with a +0 whip of distortion.
* * * LOW HITPOINT WARNING * * *
Space warps horribly around you!
You die...

.# ##..#.###......# .# ##...#
#.###..# .#. #...# #.# #..#
.#.## ##...# #.# #..#####
.##.# ##..#.# #.# #......#
.##..###..##.# #<# #......#
.##.#......#.# #.# ######.###
.##.#.#..#.K.# #K######.....#
.##.#.#.###..###h...........#
....K....#......>.#####.....#
###.#.##..........# #.....#
#...#.##.#.######.# #.....#
#.###.##.#.# .# ###..## #.#
#.##.#.# .# #..# #.# #.##.#.#
.# ###..###### #.# #.##.#.#
.# #.......... #.# #.##.#.#
#.#..######


You could see a kobold.

Vanquished Creatures
  Sigmund (D:2)
  A bombardier beetle (D:2)
  Natasha (thrice) (D:2)
  2 orc wizards
  3 adders
  2 dart slugs
  2 orcs (D:2)
  6 bats
  3 endoplasms
  A giant cockroach (D:3)
  4 goblins
  5 hobgoblins
  4 jackals (D:3)
  3 ball pythons
  5 frilled lizards
  4 kobolds
  2 rats (D:1)
51 creatures vanquished.

Notes
Turn   | Place    | Note
-------+----------+-------------------------------------------
     0 | D:1      | Kenran the Merfolk Shapeshifter began the quest for the
                  | Orb.
     0 | D:1      | Reached XP level 1. HP: 15/15 MP: 1/1
   157 | D:1      | Found a faded altar of an unknown god.
   220 | D:1      | Reached XP level 2. HP: 15/21 MP: 2/2
   404 | D:1      | Reached skill level 4 in Unarmed Combat
   629 | D:2      | Noticed Natasha
   633 | D:2      | Killed Natasha
   634 | D:2      | Reached XP level 3. HP: 26/26 MP: 3/3
   641 | D:2      | Reached skill level 5 in Unarmed Combat
   808 | D:2      | Reached XP level 4. HP: 32/32 MP: 4/4
  1167 | D:2      | Noticed Natasha
  1183 | D:2      | Killed Natasha
  1184 | D:2      | Noticed Sigmund
  1339 | D:3      | Found a hide-covered altar of Uskayaw.
  1471 | D:2      | Reached skill level 6 in Unarmed Combat
  1471 | D:2      | Reached XP level 5. HP: 19/37 MP: 5/5
  1941 | D:3      | Noticed Tizio's ghost (amateur HuFi)
  1945 | D:3      | Found a runed translucent door.
  1983 | D:3      | Found a stormy altar of Qazlal.
  1983 | D:3      | Found a glowing golden altar of the Shining One.
  2454 | D:2      | Noticed Natasha
  2481 | D:2      | Killed Sigmund
  2482 | D:2      | Reached XP level 6. HP: 19/44 MP: 6/6
  2593 | D:2      | Killed Natasha
  2594 | D:2      | Reached skill level 7 in Unarmed Combat
  2619 | D:2      | Found a runed translucent door.
  2620 | D:2      | Noticed Crazy Yiuf
  2713 | D:3      | Slain by a kobold

Illustrated notes

Levels and vault maps discovered:
D:1:      minmay_arrival_loop, layout_basic,
          hellmonk_ecumenical_altar_arch_garden
D:2:      layout_rooms, uniq_natasha, uniq_crazy_yiuf_cottage, uniq_sigmund
D:3:      layout_loops_ring, gammafunk_temple_overflow_wave,
          lemuel_zombie_altar_yredelemnul, mainiacjoe_overflow_cross_hatched,
          hellmonk_ghost_happy_afterlife

Skill      XL: |  1  2  3  4  5  6 |
---------------+-------------------+-----
Unarmed Combat | 4 5 6 7 |  7.0
Dodging        | 3 4 |  4.0
Fighting       | 2 |  2.0
Shapeshifting  | |  4.9

Action                     |  1- 3 |  4- 6 || total
---------------------------+-------+-------++-------
  Melee: Unarmed           |    53 |   128 ||   181
         Punch             |     2 |     3 ||     5
    Use: Scroll            |     2 |     1 ||     3
         Potion            |       |     6 ||     6
   Stab: Sleeping          |     1 |     1 ||     2
 Armour: Animal skin       |    23 |    58 ||    81
         Skin              |       |    16 ||    16
  Dodge: Dodged            |    26 |    56 ||    82
   Form: Beast             |     1 |       ||     1
